Unix NetHack Version 3.7.0-102 Work-in-progress - last build Apr 6 2024 13:22:21 (d302a6a9ff6341f1a922d8f5af178406b35fdf99,branch:master). Game began 2024-04-30 18:44:29, ended 2024-04-30 18:53:18. Raisse, lawful female dwarven Archeologist ------ -------- |....---...>|<| |..00......-|^| |.0.0.|000%||^| |.....|....||^| |----.------|^| |......| |^| |...00.------^| |....YY.Yh.^..| |......-----.?| -------- ---- Raisse the Field Worker St:16 Dx:11 Co:13 In:15 Wi:12 Ch:9 Lawful Dlvl:5 $:204 HP:0(39) Pw:19(19) AC:7 Xp:5/236 T:1859 Latest messages: You descend the stairs. Something is written here in the dust. You read: "Vl?| was ?c?c". You climb up the stairs. You start digging. This wall is too hard to dig into. With great effort you move the boulder. With great effort you move the boulder. s - a silver ring. With great effort you move the boulder. The wererat hits! The wererat hits! The wererat changes into a rat. The wererat just misses! You hit the wererat! The wererat bites! The wererat changes into a human. You kill the wererat! u - a scroll labeled READ ME. v - a wand of undead turning. With great effort you move the boulder. The boulder fills a pit. With great effort you move the boulder. With great effort you move the boulder. The boulder fills a pit. You start digging. This wall is too hard to dig into. With great effort you move the boulder. With great effort you move the boulder. The boulder fills a pit. Are you waiting to get hit? Use 'm' prefix to force a no-op (to rest). You hit the ape. The ape hits! The ape hits again! The ape bites! You hit the ape. The ape hits! The ape hits again! The ape bites! You hit the ape. The ape hits! The ape hits again! The ape bites! You miss the ape. The ape hits! The ape hits again! You die... Do you want your possessions identified? [ynq] (y) y Do you want to see your attributes? [ynq] (y) y Do you want an account of creatures vanquished? [ynaq] (y) q Inventory: Coins $ - 204 gold pieces Weapons a - an uncursed +2 bullwhip o - 10 uncursed +0 orcish arrows Armor r - an uncursed +0 fedora A - an uncursed +0 leather jacket (being worn) H - an uncursed +0 dwarvish iron helm (being worn) Comestibles b - an uncursed pear c - an uncursed homemade tin of gnome leader meat e - 2 uncursed food rations k - 2 uncursed lichen corpses T - 2 uncursed tripe rations Scrolls m - an uncursed scroll of enchant weapon n - an uncursed scroll of scare monster u - an uncursed scroll of identify Potions f - a blessed potion of monster detection g - a blessed potion of see invisible q - an uncursed potion of blindness Rings s - a cursed -2 ring of increase damage Wands h - an uncursed wand of make invisible (0:7) j - an uncursed wand of undead turning (0:4) v - an uncursed wand of undead turning (0:4) Tools d - an uncursed +0 pick-axe (weapon in right hand) l - an uncursed tinning kit (0:95) x - an empty uncursed sack Gems/Stones t - an uncursed touchstone Raisse the Archeologist's attributes: Background: You were a Field Worker, a level 5 female dwarven Archeologist. You were lawful, on a mission for Quetzalcoatl who was opposed by Camaxtli (neutral) and Huhetotl (chaotic). You were right-handed. You were in Sokoban, on level 5. You entered the dungeon 1859 turns ago. You had 236 experience points, 84 more were needed to attain level 6. Basics: You had 0 out of 39 hit points. You had all 19 energy points (spell power). Your armor class was 7. Your wallet contained 204 zorkmids. Autopickup was on for '$!?/"=+' plus thrown, with exceptions. Final Characteristics: Your strength was 16 (limit:18/100). Your dexterity was 11 (limit:20). Your constitution was 13 (limit:20). Your intelligence was 15 (limit:16). Your wisdom was 12 (limit:16). Your charisma was 9 (limit:16). Final Status: You weren't hungry. You were unencumbered. You were wielding a pick-axe. You were skilled in pick-axe. Final Attributes: You were devoutly aligned. You had automatic searching. You had infravision. You were stealthy. You are dead. Miscellaneous: You never encountered a bones level. Total elapsed playing time was 8 minutes and 41 seconds. Major events: Turn 1: Raisse the lawful female dwarven Archeologist entered the dungeon 621: attained the rank of Field Worker (level 3) 1772: entered Sokoban 1859: killed by an ape Vanquished creatures: 6 fog clouds a straw golem a giant ant 6 rothes 2 dwarf zombies a wererat a gas spore 3 geckos a jackal 2 kobolds 6 grid bugs 3 lichens 2 kobold zombies 2 newts 37 creatures vanquished. No species were genocided or became extinct. Voluntary challenges: You read items or engraved 1 time. You never engraved Elbereth. You never genocided any monsters. You never polymorphed an object. You never changed form. You used no wishes. You did not violate any of the special Sokoban rules. Achievements: You entered a shop. You attained the rank of Field Worker. You entered Sokoban. The Dungeons of Doom: levels 1 to 7 Level 1: Level 2: Level 3: A fountain. Level 4: An altar, a fountain. Level 5: Many fountains. Oracle of Delphi. Level 6: Stairs up to Sokoban, level 5. Level 7: Sokoban: Level 5: <- You were here. Unsolved. Final resting place for you, killed by an ape. Game over: ---------- / \ / REST \ / IN \ / PEACE \ / \ | Raisse | | 204 Au | | killed by an ape | | | | | | | | 2024 | *| * * * | * _________)/\\_//(\/(/\)/\//\/|_)_______ Goodbye Raisse the Archeologist... You died in Sokoban on dungeon level 5 with 1428 points, and 204 pieces of gold, after 1859 moves. You were level 5 with a maximum of 39 hit points when you died.